 Dungeon Crawl Stone Soup version 0.25.1-2-g60ff931df9 (webtiles) character file.

Game seed: 6454624002375121740

22 DogServant the Vexing (level 3, 0/20 HPs)
             Began as a Kobold Arcane Marksman on Nov 19, 2020.
             Slain by a rat (2 damage)
             ... on level 1 of the Dungeon.
             The game lasted 00:02:53 (1462 turns).

DogServant the Vexing (Kobold Arcane Marksman)      Turns: 1462, Time: 00:02:54

Health: 0/20       AC:  2    Str:  8    XL:     3   Next: 7%
Magic:  4/4        EV: 15    Int: 14    God:
Gold:   38         SH:  0    Dex: 15    Spells: 1/4 levels left

rFire    . . .     SeeInvis .   n - +0 short sword (speed)
rCold    . . .     Gourm    .   (shield restricted)
rNeg     . . .     Faith    .   e - +0 robe
rPois    .         Spirit   .   (no helmet)
rElec    .         Reflect  .   (no cloak)
rCorr    .         Harm     .   (no gloves)
MR       .....                  (no boots)
Stlth    +.........             (no amulet)
HPRegen  0.06/turn              (no ring)
MPRegen  0.09/turn              (no ring)

@: no status effects
A: small, carnivore
a: no special abilities


You were on level 1 of the Dungeon.
You were very full.

You visited 1 branch of the dungeon, and saw 1 of its levels.

You collected 38 gold pieces.

Inventory:

Hand Weapons
 a - a +0 hand crossbow
 n - a +0 short sword of speed (weapon)
Missiles
 d - 16 bolts
Armour
 e - a +0 robe (worn)
Scrolls
 g - a scroll of fear {unknown}
 h - 2 scrolls of identify {unknown}
 j - a scroll of teleportation {unknown}
 l - 2 scrolls of remove curse {unknown}
Potions
 i - a potion of degeneration {unknown}
 k - a potion of lignification {unknown}
Comestibles
 f - 4 rations


   Skills:
 - Level 1.1 Fighting
 + Level 3.3 Crossbows
 - Level 2.4 Dodging
 - Level 1.1 Spellcasting
 + Level 3.5 Hexes


You had one spell level left.
You knew the following spells:

 Your Spells              Type           Power        Failure   Level  Hunger
a - Corona                Hex            ##.....      6%          1    ##.....
b - Slow                  Hex            ##......     10%         2    ###....

Your spell library contained the following spells:

 Spells                   Type           Power        Failure   Level  Hunger
 Inner Flame              Hex/Fire       #.......     36%         3    ####...
 Portal Projectile        Hex/Tloc       #.....       36%         3    ####...
 Cause Fear               Hex            ##........   52%         4    #####..
 Leda's Liquefaction      Hex/Erth       #.........   77%         4    #####..


Dungeon Overview and Level Annotations

Branches:
Dungeon (1/15)

Altars:
Ashenzari


Innate Abilities, Weirdness & Mutations

You are small and have problems with some larger weapons.
You are carnivorous and can eat meat at any time.


Message History

You are too injured to fight recklessly!
You are too injured to fight recklessly!
You are too injured to fight recklessly!
You are too injured to fight recklessly!
You hit the hobgoblin.
The hobgoblin is almost dead.
The rat bites you but does no damage. The hobgoblin hits you with a +0 club.
* * * LOW HITPOINT WARNING * * *
You completely miss the hobgoblin.
The hobgoblin is almost dead.
The rat bites you.
* * * LOW HITPOINT WARNING * * *
The rat barely misses you.
You hit the hobgoblin but do no damage.
The hobgoblin is almost dead.
The hobgoblin hits you but does no damage.
The rat bites you.
* * * LOW HITPOINT WARNING * * *
The rat bites you.
You die...

#..#..###.#
#.........#
#........##
##.......#
########.......#
#..............#
#.........######
#....r....#
#?...r@...#
#.(..g....#
#.........#
#.........#
###########


You could see a hobgoblin and 2 rats.

Vanquished Creatures
  A leopard gecko (D:1)
  A ball python (D:1)
  A bat (D:1)
  A giant cockroach (D:1)
  4 hobgoblins (D:1)
  6 kobolds (D:1)
  2 frilled lizards (D:1)
  A goblin (D:1)
  2 rats (D:1)
19 creatures vanquished.

Notes
Turn   | Place    | Note
-------+----------+-------------------------------------------
     0 | D:1      | DogServant the Kobold Arcane Marksman began the quest for
                  | the Orb.
     0 | D:1      | Reached XP level 1. HP: 12/12 MP: 2/2
   297 | D:1      | Reached XP level 2. HP: 16/16 MP: 3/3
   308 | D:1      | Learned a level 2 spell: Slow
   690 | D:1      | Found a shattered altar of Ashenzari.
  1103 | D:1      | Reached XP level 3. HP: 10/20 MP: 4/4
  1462 | D:1      | Slain by a rat

Illustrated notes

Levels and vault maps discovered:
D:1:      dpeg_arrival_round_c, layout_basic, st_stairs_4, ashenzari_altar_1

Skill      XL: |  1  2 |
---------------+-------+-----
Crossbows      | 3 |  3.3
Fighting       | |  1.1
Dodging        | |  2.4
Spellcasting   | |  1.1
Hexes          | |  3.5

Action                   || total
-------------------------++-------
Melee: Dagger            ||    44
       Short sword       ||    19
 Fire: Hand crossbow     ||    29
 Cast: Corona            ||     3
  Eat: Chunk             ||     9
Armor: Robe              ||     5
Dodge: Dodged            ||    61
